 Dungeon Crawl Stone Soup version 0.30-a0-956-gcec3b41aec (webtiles) character file.

Game seed: 16342203467638728289

138 Ahpoh the Slasher (level 5, 0/32 HPs)
             Began as a Gargoyle Gladiator on Mar 29, 2023.
             Slain by an orc
             ... wielding a +0 club
              (1 damage)
             ... on level 3 of the Dungeon.
             The game lasted 00:07:05 (1884 turns).

Ahpoh the Slasher (Gargoyle Gladiator)              Turns: 1884, Time: 00:07:06

Health: 0/32       AC:  5    Str: 18    XL:     5   Next: 21%
Magic:  5/5        EV:  8    Int:  8    God:
Gold:   147        SH:  0    Dex: 13    Spells: 4/4 levels left

rFire   . . .      SeeInvis .    a - +0 long sword
rCold   . . .      Faith    .    (no shield)
rNeg    + . .      Spirit   .    o - +0 chain mail
rPois   ∞          Reflect  .    c - +0 helmet
rElec   +          Rampage  .    (no cloak)
rCorr   .                        (no gloves)
Will    .....                    (no boots) Stlth
                                 (no amulet)
HPRegen 0.25/turn                j - ring of wizardry
MPRegen 0.09/turn                (no ring)

@: corroded
A: sickness immunity, AC +4, negative energy resistance 1, electricity
resistance, torment resistance 1, petrification resistance
a: no special abilities


You were on level 3 of the Dungeon.
You visited 1 branch of the dungeon, and saw 3 of its levels.

You collected 147 gold pieces.

Inventory:

Hand Weapons
 a - a +0 long sword (weapon)
Missiles
 d - 3 throwing nets (quivered)
 e - a javelin
Armour
 b - a +0 leather armour
 c - a +0 helmet (worn)
 n - a +0 ring mail
 o - a +0 chain mail (worn)
Jewellery
 j - a ring of wizardry (left hand)
Scrolls
 h - a scroll of fear {unknown}
 i - 2 scrolls of identify {unknown}
 k - a scroll of teleportation {unknown}
 l - 2 scrolls of brand weapon {unknown}
Potions
 f - a potion of haste {unknown}
 g - 2 potions of degeneration {unknown}
 m - a potion of lignification {unknown}


   Skills:
 + Level 2.9 Fighting
 + Level 3.6 Long Blades
 + Level 1.9 Throwing
 + Level 1.6 Armour
 + Level 3.2 Dodging
 + Level 1.2 Stealth


You had 4 spell levels left.
You didn't know any spells.
Your spell library contained the following spells:

 Spells                   Type           Power      Damage    Failure   Level
 Magic Dart               Conj           0%         1d3       91%         1
 Call Imp                 Summ           0%         N/A       97%         2
 Gell's Gravitas          Tloc           0%         N/A       99%         3
 Mephitic Cloud           Conj/Pois/Air  0%         N/A       99%         3
 Teleport Other           Tloc           0%         N/A       99%         3
 Dispersal                Tloc           0%         N/A       100%        6


Dungeon Overview and Level Annotations

Branches:
Dungeon (3/15)

Altars:
Nemelex Xobeh


Innate Abilities, Weirdness & Mutations

You are immune to sickness and miasma.
Your stone body is resilient. (AC +4)
You are immune to poison.
You resist negative energy. (rN+)
You are resistant to electric shocks. (rElec)
You are resistant to unholy torment.
You are immune to petrification.


Message History

The orc attacks as you move away! The orc barely misses you.
You open the large door. 3 orcs and an orc wizard come into view.
The orc shouts! x3; The orc wizard shouts!
The orc hits you but does no damage.
The orc wizard gestures at you while chanting.
You are confused.
An orc comes into view. It is wielding a +0 short sword.
A kobold comes into view. It is wielding a +0 short sword.
You're too confused to move!
The orc shouts!
The orc hits you with a +0 club. The orc barely misses you.
You're too confused to move!
The orc hits you with a +0 club. The orc hits you with a +0 whip.
The orc hits you with a +0 dagger.
The orc hits you from afar with a +0 trident.
You hit the orc but do no damage. The orc hits you but does no damage.
The orc hits you from afar with a +0 trident.
The orc hits you with a +0 dagger. The orc hits you with a +0 club.
The orc hits you but does no damage. The orc barely misses you.
The orc hits you with a +0 whip.
The orc wizard gestures wildly while chanting.
The orc wizard flickers and vanishes!
Deactivating autopickup; reactivate with Ctrl-A.
The orc closely misses you.
You barely miss the orc. The orc hits you with a +0 club.
The orc hits you from afar with a +0 trident.
* * * LOW HITPOINT WARNING * * *
The orc hits you but does no damage. x2; The orc hits you with a +0 whip.
* * * LOW HITPOINT WARNING * * *
You miss the orc.
You feel less confused. The orc hits you with a +0 whip.
* * * LOW HITPOINT WARNING * * *
The orc hits you with a +0 dagger.
* * * LOW HITPOINT WARNING * * *
The orc barely misses you. The orc hits you but does no damage.
The orc hits you with a +0 club.
* * * LOW HITPOINT WARNING * * *
You barely miss the orc. The orc hits you with a +0 club.
You die...

..##..†...##.#
.......##..#.######
.#....###..........
...#.## ##..####+#
..##.# #...## .. ...
#.#..## # # ....
#.#...## .## ##...
###)#.o##o..## ###
#...(o@oKo⌠.+
###.##.o##{..##. ..
#...#.(## .##..
#.######.#..(## #...
.......#....## ..#
..o..<.#...####+##..#
....$..#..†.......#
.......#......)).##
....o..)...............


You could see 3 dancing weapons, 6 orcs and a kobold.

Vanquished Creatures
  An orc priest (D:3)
  3 adders (D:2)
  2 worms (D:2)
  4 dart slugs
  An orc (D:3)
  3 bats
  5 endoplasms
  5 giant cockroaches
  6 goblins
  4 hobgoblins
  4 jackals
  4 quokkas
  5 ball pythons
  2 frilled lizards (D:2)
  A kobold (D:1)
  17 rats
67 creatures vanquished.

Notes
Turn   | Place    | Note
-------+----------+-------------------------------------------
     0 | D:1      | Ahpoh the Gargoyle Gladiator began the quest for the Orb.
     0 | D:1      | Reached XP level 1. HP: 12/12 MP: 1/1
    74 | D:1      | Reached XP level 2. HP: 17/17 MP: 2/2
   151 | D:1      | Found a faded altar of an unknown god.
   179 | D:1      | Prayed at the altar of an unknown god.
   179 | D:1      | Became a worshipper of Nemelex Xobeh the Trickster
   179 | D:1      | Reached * piety under Nemelex Xobeh
   180 | D:1      | Fell from the grace of Nemelex Xobeh
   233 | D:1      | Reached XP level 3. HP: 22/22 MP: 3/3
   815 | D:2      | Reached skill level 1 in Armour
   842 | D:2      | Reached XP level 4. HP: 20/27 MP: 4/4
  1438 | D:2      | Reached skill level 1 in Stealth
  1870 | D:3      | Reached XP level 5. HP: 31/32 MP: 5/5
  1871 | D:3      | Noticed a +0 quarterstaff of electrocution
  1871 | D:3      | Noticed a +0 glaive of flaming
  1871 | D:3      | Noticed a +4 rapier of freezing
  1871 | D:3      | Noticed a +3 broad axe of flaming
  1883 | D:3      | HP: 1/32 [orc/+0 club (2)]
  1884 | D:3      | Slain by an orc

Illustrated notes

Levels and vault maps discovered:
D:1:      scummos_arrival_simple_crosswalls, layout_rooms,
          shapermc_ecumenical_altar_venn, minmay_rat_gold_closets
D:2:      minmay_angry_zag, layout_loops_ring, minmay_misc_feat_more_columns,
          chequers_serial_rivers_micro_c
D:3:      layout_rooms, chequers_hall_statues_corner_a, grunt_decor_arrowhead

Skill      XL: |  1  2  3  4 |
---------------+-------------+-----
Long Blades    | 3 |  3.6
Dodging        | 3 |  3.2
Armour         | 1 |  1.6
Stealth        | 1 |  1.2
Fighting       | |  2.9
Throwing       | |  1.9

Action                     |  1- 3 |  4- 6 || total
---------------------------+-------+-------++-------
  Melee: Long sword        |   131 |   106 ||   237
         Punch             |       |     3 ||     3
 Invoke: Renounce Religion |     1 |       ||     1
   Stab: Sleeping          |     4 |       ||     4
 Armour: Leather armour    |    66 |    19 ||    85
         Skin              |       |    19 ||    19
         Chain mail        |       |     8 ||     8
  Dodge: Dodged            |   106 |   101 ||   207

Table legend: (Time is in decaauts)
 A = Elapsed time spent in this place.
 B = Non-inter-level travel time spent in this place.
 C = Inter-level travel time spent in this place.
 D = Time resting spent in this place.
 E = Time spent auto-exploring this place.
 F = Levels seen in this place.
 G = Mean time per level.
                   A        B        C        D        E       F      G
               +--------+--------+--------+--------+--------+-----+--------+
         Total |   1930 |   1915 |     15 |      3 |   1127 |   3 |  643.3 |
       Dungeon |   1930 |   1915 |     15 |      3 |   1127 |   3 |  643.3 |
               +--------+--------+--------+--------+--------+-----+--------+

Top non-repeatable levels by time:
     D:2: 948 daAuts
     D:1: 721 daAuts
     D:3: 260 daAuts
